 Dungeon Crawl Stone Soup version 0.18.1-48-g4cf74bf (webtiles) character file.

85 MovingMist the Covered (level 4, -1/29 HPs)
             Began as a Gargoyle Fighter on Aug 21, 2016.
             Killed from afar by Sigmund (3 damage)
             ... with a puff of flame
             ... on level 3 of the Dungeon.
             The game lasted 00:05:15 (1498 turns).

MovingMist the Covered (Gargoyle Fighter)           Turns: 1498, Time: 00:05:15

Health: -1/29      AC: 12    Str: 20    XL:     4   Next: 48%
Magic:  12/13      EV:  7    Int: 14    God:
Gold:   111        SH:  9    Dex:  9    Spells: 0 memorised, 3 levels left

rFire  . . .     SeeInvis .     a - +0 flail
rCold  . . .     Gourm    .     g - +1 scale mail
rNeg   + . .     Faith    .     c - +0 shield
rPois  ∞         Spirit   .     (no helmet)
rElec  +         Dismiss  .     r - +0 cloak
rCorr  .         Reflect  .     (no gloves)
SustAt .         Harm     .     (no boots)
MR     .....                    (no amulet)
Stlth  ..........               e - ring of magical power
                                k - +5 ring of intelligence

@: not resistant to hostile enchantments, extremely unstealthy
A: negative energy resistance 1, electricity resistance, unbreathing,
petrification resistance, rot immunity, AC +3
a: no special abilities


You were on level 3 of the Dungeon.
You were hungry.

You visited 1 branch of the dungeon, and saw 3 of its levels.

You collected 111 gold pieces.

Inventory:

Hand Weapons
 a - a +0 flail (weapon)
Armour
 c - a +0 shield (worn)
 g - a +1 scale mail (worn)
 r - a +0 cloak (worn)
Jewellery
 e - a ring of magical power (right hand)
 k - a +5 ring of intelligence (left hand)
Potions
 d - a potion of might
 h - a potion of cancellation {unknown}
 m - 2 potions of cure mutation {unknown}
 o - a potion of flight {unknown}
 p - a potion of berserk rage {unknown}
 q - a potion of resistance {unknown}
Comestibles
 b - 7 chunks of flesh
 f - a bread ration
 l - a beef jerky
 n - a meat ration


   Skills:
 - Level 4.0 Fighting
 + Level 2.5 Maces & Flails
 + Level 4.1 Armour
 + Level 4.0 Shields


You had 3 spell levels left.
You didn't know any spells.

Dungeon Overview and Level Annotations

Branches:
Dungeon (3/15)

Altars:
Ashenzari
Makhleb

Annotations:
D:3 Sigmund


Innate Abilities, Weirdness & Mutations

You are resistant to torment.
Your stone body is resilient (AC +3).
You are immune to poison.
You resist negative energy.
You are resistant to electric shocks.
You can survive without breathing.
You are immune to petrification.
You are immune to rotting.


Message History

You sock Sigmund!
Sigmund is severely wounded.
Sigmund hits you with a scythe.
* * * LOW HITPOINT WARNING * * *
You are too injured to fight recklessly!
You are feeling hungry.
You thump Sigmund!
Sigmund is almost dead.
Sigmund hits you with a scythe.
* * * LOW HITPOINT WARNING * * *
Unknown command.
Your shield prevents you from hitting Sigmund.
Sigmund is almost dead.
Sigmund hits you with a scythe.
* * * LOW HITPOINT WARNING * * *
Drink which item? (? for menu, Esc to quit)
Okay, then.
Sigmund casts a spell at you. The puff of flame hits you!
You die...

..... .
#..##.#
..... ..
##..##.#
..... ...
+...##.#
.....
....#.#.##.#
.....
........##.#
#.....##.###
#..........#
#....#@#.#.#
#....#..@#.#
#....##..#.#
#.... #..#..
#.... #.>###
#.... ##.#
##### #.#
#.# #.# #.#


You could see Sigmund.

Vanquished Creatures
  3 adders (D:3)
  2 dart slugs
  2 giant geckos
  An orc (D:3)
  6 bats
  2 giant cockroaches
  4 goblins
  6 hobgoblins
  6 jackals
  A ball python (D:2)
  4 giant newts
  10 kobolds
  5 rats
52 creatures vanquished.

Notes
Turn   | Place    | Note
--------------------------------------------------------------
     0 | D:1      | MovingMist the Gargoyle Fighter began the quest for the Orb.
     0 | D:1      | Reached XP level 1. HP: 14/14 MP: 1/1
    98 | D:1      | Reached XP level 2. HP: 15/19 MP: 2/2
   484 | D:1      | Reached XP level 3. HP: 23/23 MP: 3/3
  1167 | D:2      | Found a burning altar of Makhleb.
  1339 | D:3      | Reached XP level 4. HP: 29/29 MP: 4/4
  1414 | D:3      | Found a shattered altar of Ashenzari.
  1485 | D:3      | Noticed Sigmund
  1494 | D:3      | HP: 1/29 [Sigmund/scythe (2)]
  1498 | D:3      | Killed from afar by Sigmund

Skill      XL: |  1  2  3  4 |
---------------+-------------+-----
Fighting       | 4 |  4.0
Armour         | 4 |  4.1
Shields        | 4 |  4.0
Maces & Flails | |  2.5

Action                   |  1- 3 |  4- 6 || total
-------------------------+-------+-------++-------
Melee: Flail             |   172 |    54 ||   226
  Use: Scroll            |     5 |       ||     5
  Eat: Chunk             |     2 |       ||     2
Armor: Scale mail        |   121 |    31 ||   152
Dodge: Dodged            |    66 |    21 ||    87
Block: Shield            |   111 |    26 ||   137
